 Dungeon Crawl Stone Soup version 0.15.0-14-g6bbbb5c (webtiles) character file.

22141 Kashira the Jinx (level 12, -3/91 HPs)
             Began as a Naga Enchanter on Sept 4, 2014.
             Was the Champion of Qazlal.
             Killed from afar by a gargoyle (7 damage)
             ... with a stone arrow
             ... in a labyrinth on Sept 5, 2014.
             The game lasted 02:09:02 (16645 turns).

Kashira the Jinx (Naga Enchanter)                  Turns: 16645, Time: 02:09:02

HP  -3/91        AC 18     Str 16      XL: 12   Next: 97%
MP   1/40        EV 15     Int 17      God: Qazlal [******]
Gold 468         SH  8     Dex 13      Spells:  6 memorised, 12 levels left

rFire  + . .     SeeInvis +     g - +2 mace of Shuuph {freeze, MR+ Str+3 SInv}
rCold  + . .     Clarity  .     L - +0 leather armour of Insecurity {+Blink rF+ SInv Stlth++}
rNeg   . . .     rCorr    .     (no shield)
rPois  +         rRot     .     Z - +0 helmet
rElec  .         Spirit   .     y - +1 cloak {rC+}
SustAb .         Warding  .     X - +0 pair of gloves
rMut   .         Stasis   .     F - +0 naga barding
Gourm  +                        j - amulet of the gourmand
MR     +++..                    J - ring of magical power
                                G - +4 ring of evasion

@: protected from physical damage, very slightly contaminated, studying Ice
Magic, repel missiles, very slow, extremely resistant to hostile enchantments,
unstealthy
A: spit poison, see invisible, deformed body, frail 1, magic resistance 1,
poison resistance, screaming 1, slowness 2, AC +4
a: Spit Poison, Upheaval, Elemental Force, Disaster Area, Renounce Religion,
Evoke Blink


You were in a labyrinth.
You worshipped Qazlal.
Qazlal was exalted by your worship.
You were not hungry.

You visited 3 branches of the dungeon, and saw 14 of its levels.
You also visited: Labyrinth, Ossuary and Ice Cave.

You collected 713 gold pieces.
You spent 245 gold pieces at shops.

Inventory:

Hand weapons
 g - the +2 mace of Shuuph (weapon) {freeze, MR+ Str+3 SInv}
   (You found it on level 2 of the Lair of Beasts)

   It has been specially enchanted to freeze those struck by it, causing extra
   injury to most foes and up to double damage against particularly susceptible
   opponents.
   It can also slow down cold-blooded creatures.
   It affects your strength (+3).
   It affects your resistance to hostile enchantments.
   It enhances your eyesight.
 C - a +5 dagger of chaos
Missiles
 i - 4 javelins (quivered)
Armour
 y - a +1 cloak of cold resistance (worn)
 F - a +0 naga barding (worn)
 L - the +0 leather armour of Insecurity (worn) {+Blink rF+ SInv Stlth++}
   (You bought it in a shop on level 5 of the Dungeon)

   It protects you from fire.
   It enhances your eyesight.
   It lets you blink.
   It makes you much more stealthy.
 X - a +0 pair of gloves (worn)
 Z - a +0 helmet (worn)
Magical devices
 c - a wand of lightning (5)
 K - a wand of hasting (4)
Comestibles
 d - 13 bread rations
Scrolls
 v - a scroll of magic mapping
 M - a scroll of fear
 N - 2 scrolls of identify
 R - 3 scrolls of teleportation
Jewellery
 j - an amulet of the gourmand (around neck)
 p - a +3 ring of intelligence
 z - an uncursed ring of protection from cold
 D - an uncursed ring of fire
 G - a +4 ring of evasion (left hand)
 J - a ring of magical power (right hand)
Potions
 f - a potion of might
 o - 3 potions of haste
 q - 5 potions of curing
 s - 2 potions of agility
 w - a potion of magic
 O - a potion of resistance
Books
 a - a book of Conjurations

   Spells                             Type                      Level
   *Magic Dart                        Conjuration                  1
   Searing Ray                        Conjuration                  2
   *Dazzling Spray                    Conjuration/Hexes            3
   Fulminant Prism                    Conjuration/Hexes            4
   *Iskenderun's Mystic Blast         Conjuration                  4
   Iskenderun's Battlesphere          Conjuration/Charms           5
 e - a manual of Ice Magic
 l - a book of Transfigurations

   Spells                             Type                      Level
   Stoneskin                          Transmutation/Earth          2
   Ice Form                           Ice/Transmutation            4
   Statue Form                        Transmutation/Earth          6
   Dragon Form                        Transmutation                7
 I - a manual of Ice Magic
 T - a book of Fire

   Spells                             Type                      Level
   Ignite Poison                      Fire/Transmutation           5
   *Fireball                          Conjuration/Fire             5
   Bolt of Fire                       Conjuration/Fire             6
   Delayed Fireball                   Conjuration/Fire             7
   Ring of Flames                     Charms/Fire                  7
Miscellaneous
 P - a disc of storms


   Skills:
 + Level 4.9 Fighting
 + Level 5.1 Short Blades
 + Level 1.6 Maces & Flails
 + Level 4.6 Armour
 + Level 7.9 Dodging
 - Level 4.6 Stealth
 + Level 10.6 Spellcasting
 + Level 6.0 Conjurations
 + Level 11.0 Hexes
 + Level 1.1 Fire Magic
 + Level 1.0 Evocations


You had 12 spell levels left.
You knew the following spells:

 Your Spells              Type           Power        Failure   Level  Hunger
a - Fireball              Conj/Fire      ###.......   58%         5    ####...
b - Dazzling Spray        Conj/Hex       #####...     1%          3    None
c - Confuse               Hex            #####...     1%          3    None
d - Enslavement           Hex            #####...     1%          4    ###....
e - Magic Dart            Conj           ####         1%          1    None
f - Iskenderun's Mystic   Conj           ####....     10%         4    ###....


Dungeon Overview and Level Annotations

Branches:
Dungeon (10/15)            Temple (1/1) D:6            Lair (3/8) D:9
    Orc: D:9-12       Swamp: Lair:3-6    Shoals: Lair:3-6     Snake: Lair:3-6
 Spider: Lair:3-6

Altars:
Ashenzari
Cheibriados
Dithmenos
Elyvilon
Fedhas
Kikubaaqudgha
Makhleb
Nemelex Xobeh
Okawaru
Qazlal
Sif Muna
Trog
Vehumet
Xom
Yredelemnul
Zin
The Shining One

Shops:
D:5 [


Innate Abilities, Weirdness & Mutations

You cannot wear boots.
You can spit poison.
Your serpentine skin is tough (AC +4).
You have supernaturally acute eyesight.
Armour fits poorly on your strangely shaped body.
Your system is resistant to poisons.
You cover ground very slowly.
You are frail (-10% HP).
You are resistant to hostile enchantments.
You occasionally shout uncontrollably at your foes.


Message History

* * * LOW HITPOINT WARNING * * *
You feel protected from physical attacks.
Read which item? (? for menu, Esc to quit)
As you read the scroll of fear, it crumbles to dust.
You assume a fearsome visage.
The gargoyle is unaffected.
The gargoyle is unaffected.
The gargoyle hurls a stone arrow at you.
You block the stone arrow.
The gargoyle hits you but does no damage.
Read which item? (? for menu, Esc to quit)
Your blink will be uncontrolled - continue anyway?
Okay, then.
Read which item? (? for menu, Esc to quit)
Your blink will be uncontrolled - continue anyway?
As you read the scroll of blinking, it crumbles to dust.
A powerful magic interferes with your control of the blink.
You blink.
The gargoyle hurls a stone arrow at you.
The stone arrow hits you!
You die...

..▓ .. #.▓
#9### ... #.
.. ##### #.#
#### ..#..
#.# ...
#.#.#####.###
#. # #.#.....
..... .#
#.#..# ## ###
#### #.@99#
#. ... ####§#
# # ##
#........# ..
. ######§§#
#.. # #..#
... #..# # #
...# # . .#
#..# #.. ...#


You could see 2 gargoyles.

Vanquished Creatures
  A hydra (Lair:1)
  2 ice statues (IceCv)
  Pikel (D:7)
  A necromancer (IceCv)
  A gargoyle (Lab)
  3 spiny frogs
  The ghost of aves the Charmwright, an experienced GrSk (D:5)
  3 komodo dragons (Lair:1)
  A minotaur zombie (Lab)
  9 freezing wraiths (IceCv)
  A queen bee (Lair:2)
  3 fire drakes
  Prince Ribbit (D:5)
  2 blink frogs
  A wolf spider simulacrum (IceCv)
  A two-headed ogre (D:7)
  A spriggan (D:7)
  16 yaks
  A wraith (D:8)
  A basilisk (D:9)
  3 shadows (Lab)
  A fire bat (D:9)
  A hill giant zombie (D:8)
  3 hippogriffs
  Eustachio (D:4)
  A wyvern (D:8)
  7 water moccasins
  A slave (D:7)
  2 orc warriors
  A black bear (D:9)
  2 sky beasts
  10 porcupines
  9 ice beasts
  A phantom (D:5)
  4 centaurs
  8 crocodiles
  6 ogres
  Sigmund (D:7)
  Duvessa (D:7)
  2 big kobolds
  11 giant frogs
  2 hippogriff zombies
  An elephant simulacrum (IceCv)
  6 scorpions
  A troll zombie (D:9)
  30 killer bees
  5 wights
  2 jellies (D:8)
  Dowan (D:7)
  A hippogriff skeleton (D:6)
  3 crimson imps (D:5)
  A giant frog zombie (D:6)
  2 goliath beetles
  5 draconian simulacra (IceCv)
  4 orc priests
  2 centaur skeletons
  A human zombie (Ossuary)
  2 quasits
  7 hounds
  A spriggan simulacrum (IceCv)
  10 iguanas
  A troll simulacrum (IceCv)
  5 orc wizards
  2 sheep (D:9)
  6 worker ants
  2 wolf simulacra (IceCv)
  2 killer bee zombies
  A big kobold zombie (Ossuary)
  2 ogre zombies (D:6)
  A hound zombie (Ossuary)
  An ogre skeleton (Lab)
  4 mummies (Ossuary)
  22 adders
  11 green rats
  3 naga simulacra (IceCv)
  7 ogre simulacra (IceCv)
  An inept feature mimic (D:4)
  24 white imps
  A worm (D:2)
  6 shadow imps
  An iguana zombie (D:6)
  7 orc zombies
  3 orc skeletons (D:6)
  An adder skeleton (D:9)
  5 giant geckos
  An ooze (D:1)
  30 orcs
  A bat skeleton (D:8)
  3 giant cockroaches
  7 goblins
  13 hobgoblins
  3 jackals (D:1)
  10 quokkas
  2 ball pythons
  16 bats
  A giant cockroach zombie (D:5)
  3 giant newts
  A giant newt skeleton (D:5)
  A giant spore (D:8)
  3 gnoll zombies (Ossuary)
  A goblin skeleton (D:3)
  A goblin zombie (Ossuary)
  A hobgoblin skeleton (D:5)
  A jackal zombie (Ossuary)
  25 kobolds
  A kobold skeleton (D:5)
  3 kobold zombies (Ossuary)
  3 quokka zombies
  12 rats
  A rat skeleton (D:7)
  2 rat zombies (D:6)
  A ballistomycete (D:8)
  9 fungi
  8 plants
497 creatures vanquished.

Vanquished Creatures (collateral kills)
  A gargoyle (Lab)
  A freezing wraith (IceCv)
  A yak (D:9)
  An ice beast (IceCv)
  A killer bee (Lair:2)
  A draconian simulacrum (IceCv)
  A centaur simulacrum (IceCv)
  2 sheep (D:9)
  A naga simulacrum (IceCv)
  An adder (Lair:1)
  A white imp (IceCv)
  An ooze (D:4)
13 creatures vanquished.

Vanquished Creatures (others)
  The ghost of Bikaver the Cleaver, an experienced HOGl of Qazlal (D:6)
  A porcupine (Lair:2)
  3 hound zombies (D:6)
  An orc skeleton (D:6)
  A kobold zombie (Ossuary)
  A rat zombie (D:7)
8 creatures vanquished.

Grand Total: 518 creatures vanquished

Notes
Turn   | Place    | Note
--------------------------------------------------------------
     0 | D:1      | Kashira, the Naga Enchanter, began the quest for the Orb.
     0 | D:1      | Reached XP level 1. HP: 15/15 MP: 3/3
   260 | D:1      | Reached XP level 2. HP: 5/22 MP: 2/4
   839 | D:1      | Reached XP level 3. HP: 15/28 MP: 4/6
  1007 | D:1      | Learned a level 3 spell: Dazzling Spray
  1485 | D:2      | Reached skill level 1 in Armour
  1754 | D:2      | Reached XP level 4. HP: 30/36 MP: 1/8
  2457 | D:3      | Found a shattered altar of Ashenzari.
  2532 | D:3      | Reached skill level 1 in Fighting
  2608 | D:3      | Reached XP level 5. HP: 44/44 MP: 1/9
  2869 | D:4      | Reached skill level 1 in Conjurations
  2908 | D:4      | Noticed Eustachio
  2953 | D:4      | Learned a level 3 spell: Confuse
  3030 | D:4      | Paralysed by an orc for 7 turns
  3243 | D:4      | Found a shimmering altar of Xom.
  3332 | D:4      | Found a staircase to the Ecumenical Temple.
  3333 | D:4      | the staircase to the Ecumenical Temple was a mimic.
  3368 | D:5      | Entered Level 5 of the Dungeon
  3451 | D:5      | Found a shadowy altar of Dithmenos.
  3496 | D:5      | Noticed aves' ghost (experienced GrSk)
  3507 | D:5      | Noticed an ogre
  3513 | D:5      | Reached XP level 6. HP: 45/51 MP: 4/12
  3579 | D:5      | Noticed a centaur
  3582 | D:5      | Killed an ogre
  3588 | D:5      | Killed a centaur
  3656 | D:5      | Reached XP level 7. HP: 58/60 MP: 5/15
  3722 | D:5      | Noticed Prince Ribbit
  3830 | D:5      | Found Stryewk's Antique Armour Shoppe.
  4069 | D:4      | Noticed an ogre
  4135 | D:4      | Killed Eustachio
  4601 | D:5      | Killed aves' ghost
  4601 | D:5      | Reached skill level 5 in Hexes
  4601 | D:5      | Reached XP level 8. HP: 67/67 MP: 6/19
  4703 | D:5      | Bought an amber-encrusted leather armour for 245 gold pieces
  4714 | D:5      | Identified the +0 leather armour of Insecurity {+Blink rF+ SInv Stlth++} (You bought it in a shop on level 5 of the Dungeon)
  4737 | D:5      | Killed Prince Ribbit
  4737 | D:5      | Reached skill level 5 in Spellcasting
  4830 | D:5      | Found a burning altar of Makhleb.
  5306 | D:6      | Found a staircase to the Ecumenical Temple.
  5313 | Temple   | Entered the Ecumenical Temple
  5380 | Temple   | Became a worshipper of Qazlal Stormbringer
  5406 | D:6      | Found a sand-covered staircase.
  5422 | Ossuary  | Entered an ossuary
  5459 | Ossuary  | Reached skill level 6 in Hexes
  5674 | D:6      | Found a bloodstained altar of Trog.
  5705 | D:6      | Acquired Qazlal's first power
  5922 | D:6      | Reached XP level 9. HP: 67/74 MP: 16/21
  6262 | D:6      | Learned a level 4 spell: Enslavement
  6278 | D:6      | Acquired Qazlal's second power
  6608 | D:6      | Noticed Bikaver's ghost (experienced HOGl)
  6622 | D:6      | Banished Bikaver's ghost
  6909 | D:7      | Noticed Sigmund
  6925 | D:7      | Reached skill level 7 in Hexes
  6935 | D:7      | Killed Sigmund
  7050 | D:7      | Noticed Dowan
  7053 | D:7      | Noticed Duvessa
  7211 | D:7      | Killed Duvessa
  7219 | D:7      | Killed Dowan
  7519 | D:7      | Noticed Pikel
  7530 | D:7      | Killed Pikel
  7530 | D:7      | Reached XP level 10. HP: 77/84 MP: 19/25
  7625 | D:7      | Gained mutation: You are resistant to hostile enchantments. [potion of mutation]
  7625 | D:7      | Gained mutation: You are frail (-10% HP). [potion of mutation]
  7626 | D:7      | Gained mutation: You occasionally shout uncontrollably at your foes. [potion of mutation]
  7626 | D:7      | Lost mutation: You are frail (-10% HP). [potion of mutation]
  7626 | D:7      | Gained mutation: You are frail (-10% HP). [potion of mutation]
  8546 | D:8      | Acquired Qazlal's third power
  8623 | D:8      | Found an iron altar of Okawaru.
  8639 | D:8      | Reached skill level 8 in Hexes
  8863 | D:8      | Reached skill level 5 in Dodging
  8950 | D:8      | Found a sparkling altar of Nemelex Xobeh.
  9616 | D:9      | Acquired Qazlal's fourth power
  9782 | D:8      | Reached XP level 11. HP: 36/81 MP: 11/28
 10097 | D:9      | Found a staircase to the Lair.
 10124 | D:9      | Reached skill level 9 in Hexes
 10433 | D:9      | Reached skill level 5 in Conjurations
 10462 | D:9      | Identified a scroll of acquirement
 10466 | D:9      | Learned a level 1 spell: Magic Dart
 10471 | D:9      | Learned a level 4 spell: Iskenderun's Mystic Blast
 10901 | D:10     | Entered Level 10 of the Dungeon
 10992 | D:10     | Acquired Qazlal's fifth power
 10993 | D:10     | Found a shimmering altar of Xom.
 10999 | D:10     | Found a blossoming altar of Fedhas.
 11196 | Lair:1   | Entered Level 1 of the Lair of Beasts
 11653 | Lair:1   | Noticed a seven-headed hydra
 11688 | Lair:1   | Killed a seven-headed hydra
 12048 | Lair:1   | Reached skill level 10 in Hexes
 12605 | Lair:2   | Reached skill level 10 in Spellcasting
 12634 | Lair:2   | Reached XP level 12. HP: 89/89 MP: 27/30
 12661 | Lair:2   | Found a frozen archway.
 12679 | IceCv    | Entered an ice cave
 13118 | IceCv    | Reached skill level 1 in Evocations
 13987 | IceCv    | Found an ancient bone altar of Kikubaaqudgha.
 14398 | IceCv    | Learned a level 5 spell: Fireball
 14675 | Lair:2   | Reached skill level 5 in Short Blades
 14934 | Lair:2   | Got a transparent mace
 14935 | Lair:2   | Identified the +2 mace of Shuuph {freeze, MR+ Str+3 SInv} (You found it on level 2 of the Lair of Beasts)
 15014 | Lair:2   | Reached skill level 1 in Fire Magic
 15504 | Lair:2   | Reached skill level 1 in Maces & Flails
 16188 | Lair:3   | Found a labyrinth entrance.
 16197 | Lab      | Entered a labyrinth
 16601 | Lab      | Reached skill level 11 in Hexes
 16643 | Lab      | HP: 4/91 [gargoyle/mace (16)]
 16645 | Lab      | Killed from afar by a gargoyle

Action                   |  1- 3 |  4- 6 |  7- 9 | 10-12 || total
-------------------------+-------+-------+-------+-------++-------
Melee: Dagger            |    68 |    58 |   294 |   650 ||  1070
       Hand axe          |       |    20 |       |       ||    20
       Mace              |       |       |       |   197 ||   197
Throw: Javelin           |       |     1 |       |       ||     1
 Cast: Corona            |    10 |       |       |       ||    10
       Dazzling Spray    |     4 |    21 |    49 |   157 ||   231
       Confuse           |       |    10 |    40 |   104 ||   154
       Enslavement       |       |       |       |    29 ||    29
       Magic Dart        |       |       |       |   122 ||   122
       Iskenderun's Myst |       |       |       |     9 ||     9
       Fireball          |       |       |       |     1 ||     1
 Abil: Spit Poison       |    30 |    30 |    51 |   116 ||   227
Evoke: Wand              |     1 |       |       |     6 ||     7
       Disc of storms    |       |       |       |     7 ||     7
  Use: Scroll            |     1 |     3 |    12 |    22 ||    38
       Potion            |       |       |       |     8 ||     8
 Stab: Sleeping          |     3 |     3 |     5 |       ||    11
       Invisible         |       |     1 |     1 |    18 ||    20
       Confused          |       |     1 |     8 |    31 ||    40
       Paralysed         |       |     1 |     7 |    11 ||    19
       Petrifying        |       |       |     1 |     1 ||     2
  Eat: Chunk             |     4 |     9 |    11 |    28 ||    52
       Meat ration       |       |     1 |     1 |     1 ||     3
       Bread ration      |       |       |     1 |     1 ||     2
       Beef jerky        |       |       |       |     3 ||     3
       Pizza             |       |       |       |     2 ||     2
